 Dungeon Crawl Stone Soup version 0.20.0-8-g6b59dc7 (webtiles) character file.

118 asthiss the Shield-Bearer (level 4, -2/44 HPs)
             Began as a Minotaur Fighter on May 31, 2017.
             Slain by Grinder (3 damage)
             ... on level 3 of the Dungeon.
             The game lasted 00:08:30 (2153 turns).

asthiss the Shield-Bearer (Minotaur Fighter)        Turns: 2153, Time: 00:08:31

Health: -2/44      AC:  6    Str: 21      XL:     4   Next: 72%
Magic:  3/3        EV:  6    Int:  5      God:
Gold:   95         SH:  7    Dex:  5 (8)  Spells: 3/3 levels left

rFire    . . .     SeeInvis .   a - +0 long sword
rCold    . . .     Gourm    .   c - +0 shield
rNeg     . . .     Faith    .   b - +0 scale mail
rPois    .         Spirit   .   (helmet restricted)
rElec    .         Reflect  .   (no cloak)
rCorr    .         Harm     .   (no gloves)
MR       .....                  (no boots)
Stlth    ..........             (no amulet)
Regen    0.2/turn               (no ring)
MPRegen  0.1/turn               (no ring)

@: extremely drained
A: retaliatory headbutt, horns 2, clumsy 1, sense surroundings 1, robust 1
a: no special abilities


You were on level 3 of the Dungeon.
You were not hungry.

You visited 1 branch of the dungeon, and saw 3 of its levels.

You collected 95 gold pieces.

Inventory:

Hand Weapons
 a - a +0 long sword (weapon)
Missiles
 i - 3 steel javelins (quivered)
Armour
 b - a +0 scale mail (worn)
 c - a +0 shield (worn)
 e - a +0 chain mail
 j - a +0 pair of gloves
Jewellery
 f - a cursed -2 ring of protection
Scrolls
 k - a scroll of magic mapping
 l - 6 scrolls of teleportation
 n - a scroll of remove curse
Potions
 d - a potion of might
Comestibles
 g - a royal jelly
 h - 4 fruits


   Skills:
 + Level 4.1(0.0) Fighting
 + Level 3.2(0.0) Long Blades
 + Level 0.2(0.0) Throwing
 + Level 4.6(0.0) Armour
 + Level 1.2(0.0) Dodging
 + Level 0.1(0.0) Stealth
 + Level 4.7(0.0) Shields


You had 3 spell levels left.
You didn't know any spells.

Dungeon Overview and Level Annotations

Branches:
Dungeon (3/15)

Altars:
Dithmenos
Xom

Annotations:
D:3 Grinder


Innate Abilities, Weirdness & Mutations

You reflexively headbutt those who attack you in melee.
You have a pair of horns on your head.
You are clumsy. (Dex -2)
You passively map a small area around you.
You are robust. (+10% HP)


Message History

Press: ? - help, Shift-Dir - straight line, f/p - Grinder
Aim: Grinder (moderately wounded)
You throw a steel javelin.
The steel javelin barely misses Grinder.
Throwing (i - inventory):
i - 4 steel javelins (quivered)
Press: ? - help, Shift-Dir - straight line, f/p - Grinder
Aim: Grinder (moderately wounded)
You throw a steel javelin.
The steel javelin closely misses Grinder.
Grinder blinks!
You hit Grinder.
Grinder is moderately wounded.
Grinder hits you.
* * * LOW HITPOINT WARNING * * *
Your shield prevents you from hitting Grinder.
Grinder is moderately wounded.
You block Grinder's attack. Grinder hits you.
* * * LOW HITPOINT WARNING * * *
You writhe in agony.
You die...

.....# *..#*******,###****,*,* *,
###### *..,,,,,,,,.(.,,,,,,*,* *,
# *.#########.#*,,***,*,* *,
########........(..,*,,,,*,*,* *,
##.......##.>#.#.#,,,,,,,*,*,* *,
''........#..#.†.#,,,,,,,,,,,* *,
##........#..#.#.#,,,,,*,,8,,* *,
##........#....#.#,,,,,,,8_8,* **
##........##.#.#@#,,,,,,,,8,,****
##........##.#.#5#,*,*,*,,,,,,,,*
##........##.#.#.#,*,,,*,,,,,,,,,
..........##.#.#.#,***********,**
....#####.##.#.#.#,,,,,,,,,,,,,*
....# #.##.#.#.#************,*
##### #.##.#....,,,,,,,,,,,*,*
#.##.#*#<#**********,*,*
##'##.#**+*,,,,,,,,,,,*,**


You could see Grinder.

Vanquished Creatures
  Ijyb (D:3)
  2 adders (D:2)
  A dart slug (D:1)
  2 leopard geckos
  An orc (D:3)
  5 giant cockroaches (D:2)
  6 goblins
  10 hobgoblins
  9 jackals
  8 kobolds
  A quokka (D:3)
  A ball python (D:1)
  5 bats
  5 frilled lizards
  6 rats
63 creatures vanquished.

Notes
Turn   | Place    | Note
-------+----------+-------------------------------------------
     0 | D:1      | asthiss the Minotaur Fighter began the quest for the Orb.
     0 | D:1      | Reached XP level 1. HP: 19/19 MP: 0/0
   161 | D:1      | Reached XP level 2. HP: 25/27 MP: 1/1
   392 | D:1      | Reached XP level 3. HP: 30/33 MP: 2/2
   702 | D:1      | Found a shimmering altar of Xom.
   962 | D:2      | Found a shadowy altar of Dithmenos.
  1521 | D:2      | Reached XP level 4. HP: 36/40 MP: 3/3
  1886 | D:3      | Noticed Ijyb
  1952 | D:3      | Killed Ijyb
  1993 | D:3      | Reached skill level 1 in Dodging
  2072 | D:3      | Gained mutation: You are clumsy. (Dex -2) [potion of mutation]
  2072 | D:3      | Gained mutation: You are robust. (+10% HP) [potion of mutation]
  2072 | D:3      | Gained mutation: You passively map a small area around you. [potion of mutation]
  2133 | D:3      | Noticed Grinder
  2153 | D:3      | HP: 1/44 [Grinder (5)]
  2153 | D:3      | Slain by Grinder

Skill      XL: |  1  2  3  4 |
---------------+-------------+-----
Shields        | 4 |  4.7
Armour         | 4 |  4.6
Fighting       | 4 |  4.1
Long Blades    | 3 |  3.2
Dodging        | 1 |  1.2
Throwing       | |  0.2
Stealth        | |  0.1

Action                   |  1- 3 |  4- 6 || total
-------------------------+-------+-------++-------
Melee: Long sword        |   121 |    95 ||   216
       Headbutt          |    11 |    19 ||    30
Throw: Javelin           |     7 |    15 ||    22
  Use: Scroll            |     3 |     3 ||     6
       Potion            |     1 |     5 ||     6
  Eat: Chunk             |     2 |       ||     2
       Bread ration      |       |     1 ||     1
Armor: Scale mail        |    47 |    41 ||    88
Dodge: Dodged            |    46 |    22 ||    68
Block: Shield            |    78 |    33 ||   111
       Rpst.: Long sword |     9 |       ||     9
